 Dungeon Crawl Stone Soup version 0.27.1 (webtiles) character file.

Game seed: 288568997405830653

60 Malachi the Shooter (level 4, 0/26 HPs)
             Began as a Tengu Hunter on Aug 25, 2021.
             Slain by an adder (1 damage)
             ... on level 2 of the Dungeon.
             The game lasted 00:01:08 (1298 turns).

Malachi the Shooter (Tengu Hunter)                  Turns: 1298, Time: 00:01:08

Health: 0/26       AC:  6    Str: 12    XL:     4   Next: 4%
Magic:  5/5        EV: 11    Int: 12    God:
Gold:   140        SH:  0    Dex: 15    Spells: 3/3 levels left

rFire    . . .     SeeInvis .   a - +1 shortbow
rCold    . . .     Faith    .   (shield currently unavailable)
rNeg     . . .     Spirit   .   f - +0 ring mail
rPois    .         Reflect  .   (helmet restricted)
rElec    .         Harm     .   (no cloak)
rCorr    .         Rampage  .   h - +0 pair of gloves
Will     .....                  (boots unavailable)
Stlth    +.........             (no amulet)
HPRegen  0.08/turn              (no ring)
MPRegen  0.09/turn              (no ring)

@: lethally poisoned (0 -> -4)
A: beak, talons 3
a: no special abilities


You were on level 2 of the Dungeon.
You visited 1 branch of the dungeon, and saw 2 of its levels.

You collected 140 gold pieces.

Inventory:

Hand Weapons
 a - a +1 shortbow (weapon)
 b - a +0 short sword
Missiles
 d - 25 arrows (quivered ammo)
Armour
 c - a +0 leather armour
 f - a +0 ring mail (worn)
 h - a +0 pair of gloves (worn)
Scrolls
 e - a scroll of enchant armour {unknown}
 g - 2 scrolls of identify {unknown}
 i - a scroll of noise {unknown}


   Skills:
 + Level 2.2 Fighting
 + Level 5.8 Bows
 + Level 0.4 Armour
 + Level 2.3 Dodging
 + Level 1.0 Stealth


You had 3 spell levels left.
You didn't know any spells.
Your spell library contained the following spells:

 Spells                   Type           Power      Damage    Failure   Level
 Shock                    Conj/Air       0%         1d3       58%         1
 Swiftness                Air            0%         N/A       92%         3
 Tukima's Dance           Hex            0%         N/A       92%         3
 Airstrike                Air            0%         N/A       100%        4
 Passage of Golubria      Tloc           N/A        N/A       100%        4
 Yara's Violent Unravell  Hex/Tmut       0%         3d3       100%        5


Dungeon Overview and Level Annotations

Branches:
Dungeon (2/15)

Altars:
Kikubaaqudgha


Innate Abilities, Weirdness & Mutations

You have a beak for a mouth.
You have claws for feet.


Message History

The adder poisons you!
You shoot an arrow. The arrow barely misses the adder.
You feel sick. The adder bites you. The adder barely misses you. x2
You are too injured to fight recklessly!
You are too injured to fight recklessly!
You are too injured to fight recklessly!
You are too injured to fight recklessly!
You are too injured to fight recklessly!
Unknown command.
Fire: 29 arrows
Press: ? - help, Q - select action Shift-Dir - straight line, f/p - adder
Aim: an adder (lightly wounded, 46% to hit)
You shoot an arrow. The arrow misses the adder.
You feel sick. The adder closely misses you.
The adder bites you but does no damage.
Fire: 28 arrows
Press: ? - help, Q - select action Shift-Dir - straight line, f/p - adder
Aim: an adder (lightly wounded, 46% to hit)
You shoot an arrow. The arrow misses the adder.
You feel sick. The adder barely misses you. The adder bites you.
The adder closely misses you.
Fire: 27 arrows
Press: ? - help, Q - select action Shift-Dir - straight line, f/p - adder
Aim: an adder (lightly wounded, 46% to hit)
You shoot an arrow. The arrow closely misses the adder.
You feel sick. The adder bites you.
* * * LOW HITPOINT WARNING * * *
You are more poisoned.
The adder poisons you! The adder bites you but does no damage.
Fire: 26 arrows
Press: ? - help, Q - select action Shift-Dir - straight line, f/p - adder
Aim: an adder (lightly wounded, 46% to hit)
You shoot an arrow.
The arrow hits the adder but does no damage.
The adder is lightly wounded.
* * * LOW HITPOINT WARNING * * *
You feel sick. The adder bites you.
* * * LOW HITPOINT WARNING * * *
The adder bites you.
You die...

#..... #. #..... #.
#..... #####.######
#..... ...........#
####..... ...........#
#........
......[....#####.####.##
........................
..!....@................
......SS_..#######....#.
...........# .####.
...........# .# .
.?.........# #
..(........#
.$.........# #.
(........... #.#####
#......


You could see 2 adders.

Vanquished Creatures
  Jessica (D:2)
  A worm (D:2)
  3 dart slugs
  3 ball pythons (D:2)
  6 bats
  2 giant cockroaches (D:2)
  3 goblins
  A hobgoblin (D:2)
  A quokka (D:1)
  A frilled lizard (D:1)
  2 kobolds
  2 rats (D:2)
26 creatures vanquished.

Notes
Turn   | Place    | Note
-------+----------+-------------------------------------------
     0 | D:1      | Malachi the Tengu Hunter began the quest for the Orb.
     0 | D:1      | Reached XP level 1. HP: 12/12 MP: 2/2
   427 | D:1      | Reached XP level 2. HP: 17/17 MP: 3/3
   606 | D:2      | Reached skill level 5 in Bows
   796 | D:2      | Reached XP level 3. HP: 21/21 MP: 4/4
   798 | D:2      | Noticed Jessica
   805 | D:2      | Killed Jessica
  1002 | D:2      | Found an ancient bone altar of Kikubaaqudgha.
  1241 | D:2      | Reached XP level 4. HP: 26/26 MP: 5/5
  1277 | D:2      | Found a faded altar of an unknown god.
  1298 | D:2      | HP: 1/26 [adder (4)]
  1298 | D:2      | Slain by an adder

Illustrated notes

Levels and vault maps discovered:
D:1:      dpeg_arrival_simpleton_b, layout_basic
D:2:      layout_basic, basic_altar, basic_ecumenical_altar,
          minmay_pentomino_x2, uniq_jessica

Skill      XL: |  1  2 |
---------------+-------+-----
Bows           | 5 |  5.8
Fighting       | |  2.2
Armour         | |  0.4
Dodging        | |  2.3
Stealth        | |  1.0

Action                   |  1- 3 |  4- 6 || total
-------------------------+-------+-------++-------
 Fire: Shortbow          |    70 |    17 ||    87
Armor: Ring mail         |    15 |     5 ||    20
Dodge: Dodged            |    16 |     8 ||    24
